cohdb
Replays
Latest Replays
All Replays
Popular Replays
Top Player Replays
Match Explorer
How It Works
Community
CoH3 Stats
Reddit
Sign in to upload your games and track your stats! →
Sign in with Steam
Match 44721715
Unlisted
Match 44721715
Overview
Messages
Build Orders
End
Engineer Squad
Construct Barracks
1⁄4-ton 4x4 Truck
Selects Armored Battlegroup
Selects Veteran Crews
Riflemen Squad
Riflemen Squad
Infantry Support Center
Construct Medical Station
Construct Weapon Support Center
Grenade Package
M3 Armored Personnel Carrier
M3 Armored Personnel Carrier
Mortar Pit
Selects Field Repairs
Selects War Machine
M3 Armored Personnel Carrier
littleboots10
Genki
Thor9805
Mtr91
0
0
Comments
sign in to comment!
No comments posted yet!